Map: King Sejong Station LE

Players

hydra

  • Race: Zerg Zerg
  • League: Platinum

Neeblet (Neeb) - Winner!

  • Race: Protoss Protoss
  • League: Master

Event: DreamHack ZOWIE Open Valencia 2016

VOD

Have the link to the VOD?

Description

Time

  • Played on: July 15, 2016, 1:47 p.m.
  • Length: 9:33

All games in this series

Show
View Real Time Build Order
Export as new Build Order

hydra Zerg 

Build Orders: Pool First 

Get SALT Encoding   

  12  0:00  Drone  
  13  0:12  Overlord  
  13  0:16  Drone  
  14  0:30  Drone x2  
  14  0:34  Drone  
  17  0:43  Extractor  
  17  0:44  Drone  
  17  0:50  Spawning Pool  
  17  0:55  Drone  
  17  1:06  Drone  
  18  1:18  Hatchery  
  17  1:21  Drone  
  18  1:27  Drone  
  19  1:36  Queen  
  19  1:39  Zergling x2  
  22  1:45  Metabolic Boost  
  22  1:53  Overlord  
  22  1:59  Overlord  
  22  2:10  Roach Warren  
  22  2:12  Drone  
  22  2:21  Drone  
  23  2:27  Evolution Chamber  
  22  2:30  Zergling x2  
  22  2:31  Zergling x2  
  24  2:40  Zergling x2  
  25  2:52  Roach x3  
  25  2:53  Roach  
  33  2:59  Roach  
  33  3:05  Roach  
  36  3:10  Roach  
  38  3:13  Roach  
  38  3:18  Roach  
  42  3:27  Overlord  
  42  3:30  Zergling x2  
  43  3:46  Zergling x8  
  43  3:47  Zergling x2  
  48  3:50  Zergling x4  
  48  3:54  Zergling x2  
  50  4:03  Ravager  
  50  4:14  Zergling x10  
  51  4:18  Ravager  
  52  4:30  Zergling x4  
  52  4:38  Zergling x8  
  48  4:43  Drone  
  46  4:47  Drone  
  46  4:50  Queen  
  42  4:55  Drone  
  35  5:00  Drone  
  35  5:03  Drone  
  35  5:06  Drone x2  
  37  5:08  Drone  
  37  5:12  Drone  
  38  5:15  Drone  
  38  5:20  Drone  
  38  5:25  Drone  
  39  5:29  Zerg Melee Weapons Level 1  
  39  5:32  Queen  
  39  5:35  Drone  
  42  5:37  Drone  
  42  5:39  Drone  
  44  5:44  Overlord  
  43  5:50  Overlord  
  43  5:58  Baneling Nest  
  43  6:03  Hatchery  
  40  6:08  Zergling x2  
  40  6:09  Zergling x6  
  44  6:14  Zergling x6  
  44  6:17  Zergling x2  
  49  6:18  Zergling x2  
  49  6:21  Overlord  
  49  6:25  Overlord  
  47  6:39  Overlord, Queen  
  49  6:41  Baneling x4  
  49  6:42  Zergling x2  
  49  6:45  Zergling x2  
  51  6:53  Zergling x6  
  47  7:02  Queen  
  49  7:14  Queen  
  49  7:15  Pneumatized Carapace  
  51  7:17  Zergling x12  
  57  7:23  Zergling x6  
  59  7:30  Zergling x6  
  59  7:34  Zergling x2  
  59  7:35  Zergling x2  
  64  7:47  Baneling x6  
  64  7:48  Baneling x2  
  64  7:51  Zergling x10  
  64  8:10  Zergling x14  
  62  8:23  Zergling x2  
  62  8:24  Zergling x8  
  58  8:28  Baneling x3  
  58  8:31  Zergling x2  
  51  8:35  Zergling x2  
  51  8:37  Zergling x2  
  51  8:41  Zergling x2  
  52  8:47  Baneling  
  52  8:48  Baneling  
  50  8:51  Zergling x6  
  50  8:57  Zergling x2  
  50  9:00  Zergling x2  
  50  9:01  Zergling x2  
  48  9:08  Baneling x2  
  48  9:09  Baneling  
  45  9:10  Baneling  
  45  9:13  Zergling x2  
  45  9:16  Zergling x2  
Show
View Real Time Build Order
Export as new Build Order

Neeblet Protoss - Winner!

Build Orders: 1 Gate Expand 

Get SALT Encoding   

  12  0:00  Probe (Chrono Boost)  
  13  0:11  Probe (Chrono Boost)  
  14  0:17  Pylon  
  14  0:22  Probe (Chrono Boost)  
  15  0:35  Probe (Chrono Boost)  
  16  0:37  Gateway  
  16  0:46  Probe (Chrono Boost)  
  17  0:56  Probe (Chrono Boost)  
  18  0:57  Assimilator  
  18  1:07  Probe (Chrono Boost)  
  19  1:19  Nexus  
  19  1:22  Probe (Chrono Boost)  
  20  1:31  Cybernetics Core  
  20  1:35  Probe (Chrono Boost)  
  21  1:43  Assimilator  
  22  1:47  Zealot  
  23  1:54  Pylon  
  23  2:03  Warp Gate  
  23  2:11  Adept  
  23  2:13  Probe (Chrono Boost)  
  26  2:25  Probe (Chrono Boost)  
  27  2:31  Probe (Chrono Boost)  
  27  2:35  Adept  
  30  2:37  Pylon  
  30  2:39  Mothership Core (Chrono Boost)  
  30  2:42  Probe (Chrono Boost)  
  33  2:54  Probe (Chrono Boost)  
  35  2:59  Probe (Chrono Boost)  
  35  3:00  Stargate  
  35  3:01  Adept  
  38  3:13  Gateway  
  38  3:16  Gateway  
  37  3:21  Pylon  
  37  3:26  Probe (Chrono Boost)  
  39  3:28  Probe (Chrono Boost)  
  39  3:36  Probe (Chrono Boost)  
  39  3:38  Probe (Chrono Boost)  
  39  3:41  Adept  
  46  3:53  Probe (Chrono Boost)  
  46  3:54  Probe (Chrono Boost)  
  47  3:57  Void Ray  
  50  4:10  Pylon  
  50  4:12  Stalker  
  50  4:13  Stalker  
  47  4:27  Stalker  
  47  4:29  Stalker  
  47  4:30  Stalker  
  39  4:40  Probe x2 (Chrono Boost)  
  37  4:49  Adept  
  37  4:52  Probe x2 (Chrono Boost)  
  36  4:58  Adept  
  36  5:01  Adept  
  40  5:10  Adept  
  39  5:16  Adept  
  39  5:19  Probe x2 (Chrono Boost)  
  41  5:29  Probe (Chrono Boost)  
  41  5:30  Probe (Chrono Boost)  
  41  5:33  Pylon  
  43  5:36  Pylon  
  43  5:41  Probe (Chrono Boost)  
  44  5:43  Probe (Chrono Boost)  
  45  5:52  Sentry x2  
  45  5:54  Probe x2 (Chrono Boost)  
  52  6:04  Probe (Chrono Boost)  
  52  6:08  Pylon, Probe (Chrono Boost)  
  52  6:09  Sentry  
  55  6:15  Stalker, Sentry, Probe (Chrono Boost)  
  60  6:19  Probe (Chrono Boost)  
  60  6:25  Probe (Chrono Boost)  
  62  6:30  Probe (Chrono Boost)  
  63  6:36  Probe (Chrono Boost)  
  63  6:37  Adept  
  63  6:38  Adept  
  68  6:41  Probe (Chrono Boost)  
  68  6:45  Pylon  
  68  6:46  Probe (Chrono Boost)  
  70  6:59  Probe x2 (Chrono Boost)  
  64  7:02  Oracle, Nexus  
  67  7:11  Forge  
  67  7:13  Twilight Council  
  68  7:16  Probe (Chrono Boost)  
  68  7:17  Probe (Chrono Boost)  
  69  7:23  Pylon  
  69  7:28  Pylon, Probe (Chrono Boost)  
  69  7:29  Probe (Chrono Boost)  
  71  7:35  Assimilator x2  
  71  7:37  Sentry x2  
  71  7:41  Probe (Chrono Boost)  
  71  7:42  Probe (Chrono Boost)  
  77  7:45  Robotics Facility  
  77  7:53  Probe (Chrono Boost)  
  77  7:55  Pylon  
  77  7:56  Probe (Chrono Boost)  
  79  8:00  Adept x3  
  85  8:16  Probe (Chrono Boost)  
  85  8:17  Probe x2 (Chrono Boost)  
  88  8:22  Adept x3  
  84  8:28  Probe (Chrono Boost)  
  84  8:29  Probe (Chrono Boost)  
  84  8:33  Probe (Chrono Boost)  
  78  8:38  Pylon  
  78  8:40  Probe (Chrono Boost)  
  71  8:44  Adept  
  71  8:47  Sentry, Adept  
  66  9:03  Probe (Chrono Boost)  
  66  9:04  Probe (Chrono Boost)  
  66  9:06  Observer  
  66  9:07  Probe (Chrono Boost)  
  67  9:15  Probe (Chrono Boost)  
  67  9:16  Probe (Chrono Boost)  
  69  9:18  Probe (Chrono Boost)  
  67  9:31  Stalker x2  
  67  9:32  Stalker  

Tags
 
Add a new tag
Caveats
  • Supply blocks, unpowered buildings, or Contaminate may cause inaccurate times.
  • Supply counts are checked every 10 seconds.